 Dungeon Crawl Stone Soup version 0.30.1-4-g462c640d31 (webtiles) character file.

Game seed: 13676566904315133111

21 rvierbuc the Magician (level 2, 0/20 HPs)
             Began as a Gnoll Wanderer on Aug 21, 2023.
             Slain by a worm (4 damage)
             ... on level 2 of the Dungeon.
             The game lasted 00:04:04 (836 turns).

rvierbuc the Magician (Gnoll Wanderer)               Turns: 836, Time: 00:04:05

Health: 0/20       AC:  7    Str: 12    XL:     2   Next: 87%
Magic:  10/10      EV:  9    Int: 11    God:
Gold:   31         SH:  6    Dex: 10    Spells: 14/15 levels left

rFire   . . .        a - +0 club
rCold   . . .        d - +2 buckler
rNeg    . . .        b - +0 scale mail
rPois   .            (no helmet)
rElec   .            (no cloak)
rCorr   .            (no gloves)
SInv    .            (no boots)
Will    .....        (no amulet)
Stlth   +            (no ring)
HPRegen 0.23/turn    (no ring)
MPRegen 0.12/turn

%: no passive effects
@: no status effects
A: fangs 1, strong nose, distributed training
a: no special abilities


You were on level 2 of the Dungeon.
You visited 1 branch of the dungeon, and saw 2 of its levels.

You collected 31 gold pieces.

Inventory:

Hand Weapons
 a - a +0 club (weapon)
 l - a +0 sling
Armour
 b - a +0 scale mail (worn)
 d - a +2 buckler (worn)
Scrolls
 c - a scroll of fear
 e - a scroll of identify {unknown}
 g - a scroll of silence {unknown}
 j - a scroll of vulnerability {unknown}
 k - a scroll of teleportation {unknown}
 m - a scroll of blinking {unknown}
 n - a scroll of poison {unknown}
Potions
 f - a potion of lignification {unknown}
 h - a potion of brilliance {unknown}
 i - 2 potions of curing {unknown}


   Skills:
 + Level 0.5 Fighting
 + Level 0.5 Short Blades
 + Level 0.5 Long Blades
 + Level 0.5 Axes
 + Level 0.5 Maces & Flails
 + Level 0.5 Polearms
 + Level 0.5 Staves
 + Level 0.5 Ranged Weapons
 + Level 0.5 Throwing
 + Level 4.5 Armour
 + Level 2.5 Dodging
 + Level 4.1 Stealth
 + Level 4.5 Shields
 + Level 0.5 Unarmed Combat
 + Level 7.1 Spellcasting
 + Level 0.4 Conjurations
 + Level 0.4 Hexes
 + Level 0.4 Summonings
 + Level 0.4 Necromancy
 + Level 0.4 Translocations
 + Level 0.4 Transmutations
 + Level 0.4 Fire Magic
 + Level 0.4 Ice Magic
 + Level 0.4 Air Magic
 + Level 0.4 Earth Magic
 + Level 0.4 Poison Magic
 + Level 0.7 Invocations
 + Level 0.5 Evocations


You had 14 spell levels left.
You knew the following spells:

 Your Spells              Type           Power      Damage    Failure   Level
a - Foxfire               Conj/Fire      16%        2x1d4     67%         1

Your spell library contained the following spells:

 Spells                   Type           Power      Damage    Failure   Level
 Volatile Blastmotes      Fire/Tloc      8%         2d10      95%         3


Dungeon Overview and Level Annotations

Branches:
Dungeon (2/15)

Altars:
Ashenzari

Shops:
D:1 =


Innate Abilities, Weirdness & Mutations

You have very sharp teeth.
Your uncanny sense of smell can sniff out nearby items.
Your experience applies equally to all skills.


Message History

The sling bullet hits the worm but does no damage.
You shoot a sling bullet. The sling bullet hits the worm!
The worm is heavily wounded.
You shoot a sling bullet. The sling bullet hits the worm.
The worm is heavily wounded.
You shoot a sling bullet.
The sling bullet hits the worm but does no damage.
The worm is heavily wounded.
You block the worm's attack.
You shoot a sling bullet. The sling bullet hits the worm.
The worm is severely wounded.
You block the worm's attack.
You shoot a sling bullet.
The sling bullet hits the worm but does no damage.
The worm is severely wounded.
The worm barely misses you.
You shoot a sling bullet.
The sling bullet barely misses the worm.
You block the worm's attack.
You shoot a sling bullet. The sling bullet hits the worm.
The worm is almost dead.
The worm bites you!
You shoot a sling bullet.
The sling bullet barely misses the worm.
The worm bites you.
You are too injured to fight recklessly!
You are too injured to fight recklessly!
You are too injured to fight recklessly!
a - a +0 club (weapon)
You barely miss the worm.
The worm is almost dead.
The worm bites you!
* * * LOW HITPOINT WARNING * * *
You hit the worm.
The worm is almost dead.
You block the worm's attack.
You hit the worm but do no damage.
The worm is severely wounded.
The worm bites you.
You die...

..................##..###.#.
.............#.#.# #..###...
.................###..##....
####.........#.#..##..##....
#.........[..............
#............##..........
#.........##..##...#.....
..........# #.##...#.....
......_.@## .# ......
##.....w.# . .#####
#........# . # ...#...#.#
#..#... .. # .).. ... #....
... #.... ....


You could see a worm.

Vanquished Creatures
  A dart slug (D:1)
  A ball python (D:2)
  4 bats
  2 endoplasms (D:1)
  2 goblins (D:2)
  2 hobgoblins
  2 kobolds
  3 rats
17 creatures vanquished.

Vanquished Creatures (others)
  6 foxfires (D:1)
6 creatures vanquished.

Grand Total: 23 creatures vanquished

Notes
Turn   | Place    | Note
-------+----------+-------------------------------------------
     0 | D:1      | rvierbuc the Gnoll Wanderer began the quest for the Orb.
     0 | D:1      | rvierbuc set off with the following items: a +0 club, a +0
                  | scale mail, a scroll of fear, a +2 buckler; and the
                  | following spell memorised: Foxfire; and the following
                  | spells available to memorise: Volatile Blastmotes.
     0 | D:1      | Reached XP level 1. HP: 13/13 MP: 8/8
    60 | D:1      | Found Apniam's Jewellery Shop.
   230 | D:1      | Reached XP level 2. HP: 19/19 MP: 6/10
   812 | D:2      | Found a broken altar of Ashenzari.
   836 | D:2      | Slain by a worm

Illustrated notes

Levels and vault maps discovered:
D:1:      lemuel_arrival_funnel, layout_basic, serial_shops, shop
D:2:      layout_rooms, basic_altar, serial_glass, glass_columns_a,
          glass_columns_a, glass_columns_b

Action                     || total
---------------------------++-------
  Melee: Club              ||    56
         Bite              ||     4
   Fire: Sling             ||    36
   Cast: Foxfire           ||     5
 Armour: Scale mail        ||    31
  Dodge: Dodged            ||    29
  Block: Buckler           ||    31
